 Dungeon Crawl Stone Soup version 0.18.1-48-g4cf74bf (webtiles) character file.

343 OTRawrior the Digger (level 6, 0/32 HPs)
             Began as a Gargoyle Earth Elementalist on Aug 14, 2016.
             Slain by a gnoll shaman
             ... wielding a +0 club
              (4 damage)
             ... on level 5 of the Dungeon on Aug 15, 2016.
             The game lasted 00:10:45 (3675 turns).

OTRawrior the Digger (Gargoyle Earth Elementalist)  Turns: 3675, Time: 00:10:46

Health: 0/32       AC:  7    Str: 17    XL:     6   Next: 57%
Magic:  1/12       EV:  6    Int: 17    God:
Gold:   136        SH:  0    Dex: 10    Spells: 3 memorised, 5 levels left

rFire  . . .     SeeInvis .     b - 146 stones
rCold  . . .     Gourm    .     a - +0 robe
rNeg   + . .     Faith    .     (no shield)
rPois  ∞         Spirit   .     s - +0 helmet
rElec  +         Dismiss  .     (no cloak)
rCorr  .         Reflect  .     (no gloves)
SustAt .         Harm     .     (no boots)
MR     .....                    (no amulet)
Stlth  ++........               (no ring)
                                (no ring)

@: mighty, held, not resistant to hostile enchantments, unstealthy
A: negative energy resistance 1, electricity resistance, unbreathing,
petrification resistance, rot immunity, AC +4
a: no special abilities


You were on level 5 of the Dungeon.
You were not hungry.

You visited 1 branch of the dungeon, and saw 5 of its levels.

You collected 136 gold pieces.

Inventory:

Hand Weapons
 e - a +0 club
 j - a +0 whip
 o - a +1 dagger of freezing
Missiles
 b - 146 stones (in hand)
Armour
 a - a +0 robe (worn)
 s - a +0 helmet (worn)
Scrolls
 k - a scroll of teleportation {unknown}
 l - a scroll of magic mapping {unknown}
 n - a scroll of random uselessness {unknown}
 u - a scroll of fear {unknown}
Potions
 g - 2 potions of curing {unknown}
 i - a potion of invisibility {unknown}
 p - a potion of beneficial mutation {unknown}
 q - a potion of degeneration {unknown}
 r - 2 potions of haste {unknown}
 t - 2 potions of might
Books
 c - a book of Geomancy

   Spells                             Type                      Level
   a - Sandblast                      Earth                        1
   b - Passwall                       Transmutation/Earth          2
   c - Stone Arrow                    Conjuration/Earth            3
   d - Petrify                        Transmutation/Earth          4
   e - Lee's Rapid Deconstruction     Earth                        5
Comestibles
 d - a bread ration
 f - a slice of pizza
 h - 2 meat rations
 m - a beef jerky


   Skills:
 - Level 1.5 Dodging
 - Level 2.1 Stealth
 * Level 4.5 Spellcasting
 + Level 3.1 Conjurations
   Level 0.7 Transmutations
 + Level 5.4 Earth Magic


You had 5 spell levels left.
You knew the following spells:

 Your Spells              Type           Power        Failure   Level  Hunger
a - Sandblast             Erth           ###...       1%          1    None
b - Stone Arrow           Conj/Erth      ###...       10%         3    ###....
c - Lee's Rapid Deconstr  Erth           ###.......   45%         5    ######.


Dungeon Overview and Level Annotations

Branches:
Dungeon (5/15)
 Temple: D:4-7

Altars:
Pakellas
Ru
Zin
The Shining One

Shops:
D:4 [


Innate Abilities, Weirdness & Mutations

You are resistant to torment.
Your stone body is resilient (AC +4).
You are immune to poison.
You resist negative energy.
You are resistant to electric shocks.
You can survive without breathing.
You are immune to petrification.
You are immune to rotting.


Message History

Aiming: Sandblast
Press: ? - help, Shift-Dir - straight line, f/p - gnoll shaman
Aim: a gnoll shaman, wielding a club and wearing a robe (moderately wounded)
The rocky blast misses the gnoll shaman.
The gnoll shaman hits you with a club.
* * * LOW HITPOINT WARNING * * *
Casting: Sandblast
Confirm with . or Enter, or press ? or * to list all spells.
Aiming: Sandblast
Press: ? - help, Shift-Dir - straight line, f/p - gnoll shaman
Aim: a gnoll shaman, wielding a club and wearing a robe (moderately wounded)
The rocky blast hits the gnoll shaman.
The gnoll shaman is moderately wounded.
The gnoll shaman hits you with a club.
* * * LOW HITPOINT WARNING * * *
Drink which item? (? for menu, Esc to quit)
It was a potion of might.
You feel very mighty all of a sudden. The gnoll shaman hits you with a club.
You die...

#.. ...
#..####......
#.....#......
#.....#......
#.....#.....#
#...........
#..g........
#.))@..#
.....)#...#
..... #.<.#
.... #...#
### #...#
#...# #...#
#...# #...#


You could see a gnoll shaman.

Vanquished Creatures
  2 orc wizards
  A gnoll shaman (D:4)
  Jessica (D:2)
  An iguana (D:4)
  Robin (D:3)
  7 gnolls
  4 adders
  An ooze (D:1)
  An adder skeleton (D:4)
  2 worms (D:2)
  2 dart slugs
  3 giant geckos
  4 orcs
  5 giant cockroaches
  14 goblins
  10 hobgoblins
  2 jackals (D:2)
  4 kobolds
  2 quokkas
  5 bats
  3 giant newts
  8 rats
83 creatures vanquished.

Vanquished Creatures (others)
  A deep elf annihilator (D:2)
1 creature vanquished.

Grand Total: 84 creatures vanquished

Notes
Turn   | Place    | Note
--------------------------------------------------------------
     0 | D:1      | OTRawrior the Gargoyle Earth Elementalist began the quest for the Orb.
     0 | D:1      | Reached XP level 1. HP: 10/10 MP: 3/3
   324 | D:1      | Reached XP level 2. HP: 15/15 MP: 3/5
   329 | D:1      | Reached skill level 4 in Earth Magic
  1008 | D:1      | Reached XP level 3. HP: 18/19 MP: 4/7
  1266 | D:2      | Learned a level 3 spell: Stone Arrow
  1296 | D:2      | Found a sacrificial altar of Ru.
  1318 | D:2      | Reached XP level 4. HP: 18/24 MP: 0/9
  1427 | D:2      | Reached skill level 1 in Conjurations
  1625 | D:2      | Found a glowing silver altar of Zin.
  1677 | D:2      | Found an oddly glowing altar of Pakellas.
  1678 | D:2      | Noticed a deep elf annihilator
  1683 | D:2      | Killed a deep elf annihilator
  2087 | D:2      | Found a glowing golden altar of the Shining One.
  2093 | D:2      | Noticed Jessica
  2101 | D:2      | Killed Jessica
  2101 | D:2      | Reached XP level 5. HP: 28/28 MP: 4/10
  2541 | D:3      | Noticed Robin
  2651 | D:3      | Killed Robin
  2651 | D:3      | Reached skill level 5 in Earth Magic
  3056 | D:3      | Learned a level 5 spell: Lee's Rapid Deconstruction
  3145 | D:4      | Reached XP level 6. HP: 19/32 MP: 5/12
  3516 | D:4      | Found Efynac Guwu's Antique Armour Shop.
  3567 | D:5      | Entered Level 5 of the Dungeon
  3675 | D:5      | Slain by a gnoll shaman

Skill      XL: |  1  2  3  4  5  6 |
---------------+-------------------+-----
Earth Magic    | 4 5 |  5.4
Spellcasting   | 3 4 |  4.5
Conjurations   | 1 2 3 |  3.1
Dodging        | |  1.5
Stealth        | |  2.1
Transmutations | |  0.7

Action                   |  1- 3 |  4- 6 || total
-------------------------+-------+-------++-------
Melee: Club              |     9 |       ||     9
       Whip              |     6 |       ||     6
       Dagger            |       |     8 ||     8
 Cast: Sandblast         |    43 |   123 ||   166
  Use: Potion            |       |     1 ||     1
  Eat: Chunk             |     1 |     8 ||     9
Armor: Robe              |    15 |     8 ||    23
Dodge: Dodged            |    16 |    43 ||    59
